 Dungeon Crawl Stone Soup version 0.18-a0-900-gbbf5c82 (webtiles) character file.

869 vatarom the Blocker (level 8, -3/58 HPs)
             Began as a Formicid Fighter on Dec 24, 2015.
             Killed from afar by an orc wizard (5 damage)
             ... with a puff of flame
             ... on level 3 of the Dungeon.
             The game lasted 00:08:58 (2453 turns).

vatarom the Blocker (Formicid Fighter)              Turns: 2453, Time: 00:08:58

Health: -3/58      AC:  8    Str: 23    XL:     8   Next: 24%
Magic:  8/8        EV:  9    Int:  8    God:
Gold:   183        SH: 12    Dex: 10    Spells: 0 memorised, 7 levels left

rFire  . . .     SeeInvis +     a - +0 war axe
rCold  . . .     Gourm    .     b - +0 scale mail
rNeg   . . .     Faith    .     c - +1 shield
rPois  +         Spirit   .     (helmet unavailable)
rElec  .         Dismiss  .     (no cloak)
rCorr  .         Reflect  .     (no gloves)
SustAt .         Harm     .     i - +0 pair of boots
MR     .....                    (no amulet)
Stlth  ..........               (no ring)
                                d - ring of poison resistance

@: not resistant to hostile enchantments, extremely unstealthy
A: permanent stasis, dig shafts and tunnels, four strong arms, antennae 3
a: Dig, Shaft Self


You were on level 3 of the Dungeon.
You were very full.

You visited 1 branch of the dungeon, and saw 4 of its levels.

You collected 183 gold pieces.

Inventory:

Hand Weapons
 a - a +0 war axe (weapon)
Armour
 b - a +0 scale mail (worn)
 c - a +1 shield (worn)
 e - a +0 pair of gloves
 i - a +0 pair of boots (worn)
 j - a +0 plate armour
Jewellery
 d - a ring of poison resistance (left hand)
Scrolls
 g - 2 scrolls of identify
Comestibles
 f - 2 bread rations
 l - a beef jerky
 m - a slice of pizza


   Skills:
 - Level 3.2 Fighting
 + Level 6.5 Axes
 - Level 3.2 Armour
 + Level 8.2 Shields


You had 7 spell levels left.
You didn't know any spells.

Dungeon Overview and Level Annotations

Branches:
Dungeon (4/15)
 Temple: D:4-7

Altars:
Gozag

Annotations:
D:4 vatarom's ghost, novice FoFi


Innate Abilities, Weirdness & Mutations

You are under a permanent stasis effect.
You can dig through walls and to a lower floor.
Your four strong arms can wield two-handed weapons with a shield.
You have a pair of large antennae on your head (SInv).


Message History

You hit the orc wizard.
The orc wizard is severely wounded.
You hit the kobold.
The kobold is severely wounded.
The orc wizard hits you but does no damage.
The jackal moves out of view.
The orc closely misses you.
The orc wizard gestures at you while chanting.
The puff of flame hits you!
* * * LOW HITPOINT WARNING * * *
The kobold hits you but does no damage. The orc hits you but does no damage.
Unknown command.
You slash the orc!
You kill the orc!
You barely miss the orc wizard.
The orc wizard is severely wounded.
You slash the kobold!
You kill the kobold!
The orc wizard gestures at you while chanting.
The puff of flame hits you!
You die...

...##..#≈#⌠..⌠#≈# ##........### #
#.#...##≈##..##§###..##.....# #
#...####≈≈§§≈§≈≈#...###.....# ###
##..## ##########...# #[....###..
.....######...#####.###........†.
...............####...#[....#...#
.................####.#....#..###
....(....>.......).##.#......##
.....(.......<..@[........####
................)oh.........# #
..........###..####.........#####
.....#).### ##.##................
.....##.## #............##....#
.....##..#####....#...h......#.##
...#.###.......(.....{.h...###...
...#.......###(####.(.....######.
...##........#.####....(>........


You could see an orc wizard (invisible) and 3 jackals.

Vanquished Creatures
  Pikel (D:4)
  A slave (D:4)
  A wasp (D:3)
  A hound (D:4)
  An iguana (D:4)
  A centaur skeleton (D:4)
  A giant frog skeleton (D:4)
  An orc priest (D:3)
  A worker ant (D:3)
  8 adders
  2 oozes
  2 worms (D:3)
  13 orcs
  2 giant cockroaches
  5 goblins
  3 hobgoblins (D:2)
  4 jackals (D:3)
  11 kobolds
  2 quokkas
  2 bats
  4 giant geckos
  2 giant newts
  8 rats
77 creatures vanquished.

Vanquished Creatures (others)
  A ball python skeleton (D:4)
1 creature vanquished.

Grand Total: 78 creatures vanquished

Notes
Turn   | Place    | Note
--------------------------------------------------------------
     0 | D:1      | vatarom the Formicid Fighter began the quest for the Orb.
     0 | D:1      | Reached XP level 1. HP: 18/18 MP: 1/1
   256 | D:1      | Reached skill level 4 in Shields
   256 | D:1      | Reached XP level 2. HP: 24/24 MP: 2/2
   517 | D:2      | Found an opulent altar of Gozag.
   520 | D:2      | Reached XP level 3. HP: 29/29 MP: 3/3
   871 | D:2      | Reached XP level 4. HP: 33/35 MP: 4/4
  1245 | D:3      | Reached skill level 5 in Shields
  1269 | D:3      | Noticed a wasp
  1278 | D:3      | Killed a wasp
  1278 | D:3      | Reached XP level 5. HP: 26/41 MP: 5/5
  1278 | D:3      | Reached XP level 6. HP: 29/47 MP: 6/6
  1725 | D:3      | Reached skill level 6 in Shields
  1877 | D:4      | Noticed a slave
  1917 | D:4      | Killed a slave
  2089 | D:4      | Noticed a slave
  2090 | D:4      | Noticed Pikel
  2091 | D:4      | Noticed a slave
  2092 | D:4      | Noticed a slave
  2110 | D:4      | Killed Pikel
  2110 | D:4      | Reached skill level 7 in Shields
  2110 | D:4      | Reached XP level 7. HP: 17/52 MP: 7/7
  2110 | D:4      | Reached XP level 8. HP: 18/58 MP: 8/8
  2320 | D:4      | Noticed vatarom's ghost (novice FoFi)
  2323 | D:4      | Reached skill level 8 in Shields
  2452 | D:3      | HP: 2/58 [orc wizard/puff of flame (2)]
  2453 | D:3      | Killed from afar by an orc wizard

Vault maps used:
D:1:      lemuel_arrival_cross, minmay_hedge_maze
D:2:      grunt_gozag_statues, grunt_ministairs_14, minivault_25
D:3:      first_bread, kennysheep_generic_room_5
D:4:      uniq_pikel, uniq_edmund

Action                   |  1- 3 |  4- 6 |  7- 9 || total
-------------------------+-------+-------+-------++-------
Melee: War axe           |    56 |   144 |    37 ||   237
 Abil: Dig               |       |     2 |       ||     2
  Use: Scroll            |     5 |     2 |     2 ||     9
       Potion            |     4 |     6 |     1 ||    11
  Eat: Bread ration      |       |     1 |     2 ||     3
